 Dungeon Crawl Stone Soup version 0.31.0-2-g5a2aebc5c2 (webtiles) character file.

Game seed: 1165108171620510644

193 tilp the Chopper (level 5, -2/47 HPs)
             Began as a Minotaur Berserker on Jan 20, 2024.
             Was a Believer of Trog.
             Killed from afar by Crazy Yiuf (10 damage)
             ... with a puff of flame
             ... on level 3 of the Dungeon.
             The game lasted 00:03:22 (2828 turns).

tilp the Chopper (Minotaur Berserker)               Turns: 2828, Time: 00:03:22

Health: -2/47      AC:  8    Str: 24    XL:     5   Next: 43%
Magic:  4/4        EV:  9    Int:  4    God:    Trog [**....]
Gold:   97         SH:  0    Dex:  9    Spells: 4/4 levels left

rFire   . . .        a - +0 hand axe (heavy)
rCold   . . .        (no shield)
rNeg    . . .        g - +0 chain mail
rPois   .            (helmet restricted)
rElec   .            (no cloak)
rCorr   .            (no gloves)
SInv    +            (no boots)
Will    .....        (no amulet) Stlth
                     k - ring of see invisible
HPRegen 0.27/turn    (no ring)
MPRegen 0.09/turn

%: no passive effects
@: weakened, slowed, very slow
A: horns 2, retaliatory headbutt
a: Renounce Religion, Berserk, Trog's Hand


You were on level 3 of the Dungeon.
You worshipped Trog.
Trog was pleased with you.
You visited 1 branch of the dungeon, and saw 3 of its levels.

You collected 97 gold pieces.

Inventory:

Hand Weapons
 a - a +0 heavy hand axe (weapon)
 d - a +0 dagger
Missiles
 h - 6 boomerangs
 i - 17 poisoned darts (quivered)
 j - a throwing net
Armour
 e - a +0 scale mail
 g - a +0 chain mail (worn)
Jewellery
 k - a ring of see invisible (left hand)
Talismans
 o - a flux talisman
Wands
 n - a wand of light (8)
Scrolls
 b - 3 scrolls of revelation
 p - a scroll of teleportation
Potions
 c - a potion of attraction
 f - 2 potions of degeneration {unknown}
 l - 2 potions of lignification
 m - a potion of resistance {unknown}


   Skills:
 + Level 4.6 Fighting
 + Level 4.7 Axes
 + Level 1.9 Throwing
 - Level 2.4 Armour
 + Level 3.4 Dodging
 + Level 1.8 Stealth


You had 4 spell levels left.
You didn't know any spells.
Your spell library was empty.

Dungeon Overview and Level Annotations

Branches:
Dungeon (3/15)

Altars:
Dithmenos
Kikubaaqudgha
Nemelex Xobeh
Qazlal

Annotations:
D:3 Crazy Yiuf


Innate Abilities, Weirdness & Mutations

You have a pair of horns on your head.
You reflexively headbutt those who attack you in melee.


Message History

Things that are here:
a +0 club; 4 stones; a kobold corpse
There is an open door here.
b - 3 scrolls of revelation (gained 1)
Found a stone staircase leading up.
Things that are here:
a +0 club; 3 stones You see here a stone.
Crazy Yiuf shouts!
Key pressed, stopping explore.
Could not explore, unopened runed door.
Could not explore, unopened runed door.
Could not explore, unopened runed door.
No reachable target in view!
You open the door. You barely miss Crazy Yiuf.
Crazy Yiuf hits you with a +3 quarterstaff of chaos!
Crazy Yiuf zaps a wand.
The puff of flame hits you but does no damage.
You hit Crazy Yiuf. Your headbutt misses Crazy Yiuf.
Crazy Yiuf is lightly wounded.
Crazy Yiuf twirls on the spot.
Crazy Yiuf hits you with a +3 quarterstaff of chaos.
You feel yourself slow down.
Crazy Yiuf hits you with a +3 quarterstaff of chaos!
You feel your attacks grow feeble.
You hit Crazy Yiuf.
You headbutt Crazy Yiuf, but do no damage.
Crazy Yiuf is moderately wounded.
Crazy Yiuf hits you but does no damage.
Crazy Yiuf hits you with a +3 quarterstaff of chaos.
* * * LOW HITPOINT WARNING * * *
You hit Crazy Yiuf but do no damage. You headbutt Crazy Yiuf.
Crazy Yiuf is heavily wounded.
Crazy Yiuf hits you with a +3 quarterstaff of chaos!
* * * LOW HITPOINT WARNING * * *
Crazy Yiuf freezes you.
* * * LOW HITPOINT WARNING * * *
Crazy Yiuf zaps a wand.
The puff of flame hits you!
You die...

#.....#......##
####..#......##
#..#...#####
##### #..#...#
#..)# ####...# #
#...# #...# # ...
#...# # #g# #####
# ##@# ##########
# #.##
#........### ##.#
#........'.' #.##
#........###
##.## #........#
# #...##
#........# #
#....# #######.##
# ##..##
#.....#.# #
#....####.....#.#
#


You could see Crazy Yiuf.

Vanquished Creatures
  Natasha (thrice) (D:2)
  7 adders
  A ribbon worm (D:2)
  4 bats
  7 endoplasms
  A giant cockroach (D:3)
  3 goblins
  6 hobgoblins
  3 quokkas
  6 ball pythons
  3 frilled lizards
  9 kobolds
  2 rats (D:3)
55 creatures vanquished.

Notes
Turn   | Place    | Note
-------+----------+-------------------------------------------
     0 | D:1      | tilp the Minotaur Berserker began the quest for the Orb.
     0 | D:1      | Reached XP level 1. HP: 19/19 MP: 0/0
   280 | D:1      | Reached XP level 2. HP: 22/27 MP: 1/1
   453 | D:1      | Found a faded altar of an unknown god.
   942 | D:2      | Reached XP level 3. HP: 17/33 MP: 2/2
  1021 | D:2      | Reached skill level 1 in Stealth
  1029 | D:2      | Reached skill level 1 in Throwing
  1094 | D:2      | Reached ** piety under Trog
  1259 | D:2      | Noticed Natasha
  1264 | D:2      | Reached XP level 4. HP: 32/40 MP: 3/3
  1264 | D:2      | Killed Natasha
  1396 | D:2      | Noticed Natasha
  1401 | D:2      | Killed Natasha
  1850 | D:2      | Noticed Natasha
  1862 | D:2      | Killed Natasha
  1863 | D:2      | Reached XP level 5. HP: 16/47 MP: 4/4
  2345 | D:3      | Found a shadowy altar of Dithmenos.
  2345 | D:3      | Found a stormy altar of Qazlal.
  2346 | D:3      | Found an ancient bone altar of Kikubaaqudgha.
  2350 | D:3      | Found a sparkling altar of Nemelex Xobeh.
  2381 | D:3      | Found a runed translucent door.
  2382 | D:3      | Noticed Crazy Yiuf
  2828 | D:3      | Killed from afar by Crazy Yiuf

Illustrated notes

Levels and vault maps discovered:
D:1:      onia_arrival_pentagram, layout_basic,
          shapermc_ecumenical_altar_mp_urbaneastern
D:2:      layout_basic, nrook_mini_vaults, kennysheep_cross_bottleneck,
          uniq_natasha
D:3:      layout_basic, minitemple, nicolae_titane, uniq_crazy_yiuf_cottage

Skill      XL: |  1  2  3  4 |
---------------+-------------+-----
Fighting       | 4 |  4.6
Axes           | 4 |  4.7
Stealth        | 1 |  1.8
Throwing       | 1 |  1.9
Dodging        | 3 |  3.4
Armour         | |  2.4

Action                     |  1- 3 |  4- 6 || total
---------------------------+-------+-------++-------
  Melee: Hand axe          |    61 |    51 ||   112
         Headbutt          |     4 |     7 ||    11
    Use: Scroll            |     4 |     2 ||     6
 Armour: Scale mail        |    41 |       ||    41
         Animal skin       |     3 |       ||     3
         Chain mail        |    19 |    49 ||    68
  Dodge: Dodged            |    50 |    26 ||    76
